 Dungeon Crawl Stone Soup version 0.30-a0-1094-g860fb061e7 (webtiles) character file.

Game seed: 12250845338886120757

371 jasper the Digger (level 6, -2/30 HPs)
             Began as a Spriggan Earth Elementalist on Apr 17, 2023.
             Slain by Blork the orc
             ... wielding a +0 hand axe
              (6 damage)
             ... on level 4 of the Dungeon.
             The game lasted 00:06:34 (4299 turns).

jasper the Digger (Spriggan Earth Elementalist)     Turns: 4299, Time: 00:06:34

Health: -2/30      AC:  2    Str:  4    XL:     6   Next: 42%
Magic:  7/13       EV: 18    Int: 19    God:
Gold:   257        SH:  0    Dex: 15    Spells: 4/13 levels left

rFire   . . .      SeeInvis +    n - +0 short sword (speed)
rCold   . . .      Faith    .    (no shield)
rNeg    . . .      Spirit   .    a - +0 robe
rPois   .          Reflect  .    (helmet restricted)
rElec   .          Rampage  .    (no cloak)
rCorr   .                        (gloves unavailable)
Will    +....                    (boots unavailable)
Stlth   ++                       (no amulet)
HPRegen 0.25/turn                (no ring)
MPRegen 0.13/turn                (no ring)

@: very slightly contaminated, very quick
A: very small, no large weapons, unfitting armour, see invisible, speed 3
a: no special abilities


You were on level 4 of the Dungeon.
You visited 1 branch of the dungeon, and saw 5 of its levels.

You collected 257 gold pieces.

Inventory:

Hand Weapons
 c - a +1 short sword
 n - a +0 short sword of speed (weapon)
Armour
 a - a +0 robe (worn)
Wands
 d - a wand of flame (17)
Scrolls
 e - 2 scrolls of amnesia
 p - a scroll of enchant weapon
Potions
 b - a potion of magic
 f - 2 potions of heal wounds {unknown}
 g - a potion of might {unknown}
 h - 2 potions of curing
 i - a potion of haste {unknown}
 j - a potion of mutation {unknown}
 l - a potion of flight {unknown}
 m - a potion of lignification {unknown}
 o - 2 potions of berserk rage {unknown}


   Skills:
 + Level 1.8 Fighting
 + Level 4.3 Dodging
 - Level 3.0 Stealth
 + Level 4.2 Spellcasting
 + Level 1.5 Conjurations
 - Level 1.3 Transmutations
 + Level 0.3 Air Magic
 * Level 4.4 Earth Magic
 + Level 0.3 Poison Magic


You had 4 spell levels left.
You knew the following spells:

 Your Spells              Type           Power      Damage    Failure   Level
a - Sandblast             Erth           40%        2d10      2%          1
b - Passwall              Tmut/Erth      12%        N/A       6%          2
c - Stone Arrow           Conj/Erth      30%        3d8       12%         3
d - Mephitic Cloud        Conj/Pois/Air  6%         N/A       30%         3

Your spell library contained the following spells:

 Spells                   Type           Power      Damage    Failure   Level
 Cigotuvi's Dreadful Rot  Necr/Pois/Air  8%         N/A       19%         2
 Hailstorm                Conj/Ice       6%         3d4       30%         3
 Petrify                  Tmut/Erth      15%        N/A       38%         4
 Ice Form                 Ice/Tmut       6%         N/A       71%         4
 Alistair's Intoxication  Tmut/Pois      4%         N/A       95%         5
 Plasma Beam              Fire/Air       2%         2x1d13    100%        6
 Simulacrum               Ice/Necr       2%         N/A       100%        6


Dungeon Overview and Level Annotations

Branches:
Dungeon (5/15)
 Temple: D:4-7

Altars:
Cheibriados
Fedhas
Makhleb
Sif Muna

Shops:
D:4 [

Annotations:
D:4 Blork the orc
D:5 Menkaure


Innate Abilities, Weirdness & Mutations

You are very small and have problems with some larger weapons.
You are too small for most types of armour.
You have supernaturally acute eyesight. (SInv)
You cover ground extremely quickly. (Speed+++)


Message History

Aim: Blork the orc, wielding a +0 hand axe and wearing a +1 robe of positive energy (moderately wounded, 85% to hit)
The blast of sand hits Blork the orc but does no damage.
Blork the orc is moderately wounded.
Blork the orc screams, "I'll eat your brain!
And then I'll vomit it back up!"
Blork the orc casts a spell at you. The puff of flame hits you.
You take 6 damage, and have 22/30 hp.
You now have 10/13 mp.
Aiming: Sandblast (safe; 2% risk of failure)
Press: ? - help, Q - select action, (/) - cycle Shift-Dir - straight line, f/p - Blork the orc
Aim: Blork the orc, wielding a +0 hand axe and wearing a +1 robe of positive energy (moderately wounded, 85% to hit)
The blast of sand hits Blork the orc!
Blork the orc is severely wounded.
You now have 9/13 mp.
Aiming: Sandblast (safe; 2% risk of failure)
Press: ? - help, Q - select action, (/) - cycle Shift-Dir - straight line, f/p - Blork the orc
Aim: Blork the orc, wielding a +0 hand axe and wearing a +1 robe of positive energy (severely wounded, 85% to hit)
The blast of sand hits Blork the orc!
Blork the orc is almost dead.
Blork the orc closely misses you.
You now have 8/13 mp.
Blork the orc hits you with a +0 hand axe.
You climb upwards.
There is a stone staircase leading down here.
You take 4 damage, and have 19/30 hp.
Aiming: Sandblast (safe; 2% risk of failure)
Press: ? - help, Q - select action, (/) - cycle Shift-Dir - straight line, f - Blork the orc
Aim: Blork the orc, wielding a +0 hand axe and wearing a +1 robe of positive energy (almost dead, 85% to hit)
The blast of sand hits Blork the orc but does no damage.
Blork the orc is almost dead.
Blork the orc hits you with a +0 hand axe! x2
* * * LOW HITPOINT WARNING * * *
You take 15 damage, and have 4/30 hp.
MASSIVE DAMAGE!!
You now have 8/13 mp.
Aiming: Sandblast (safe; 2% risk of failure)
Press: ? - help, Q - select action, (/) - cycle Shift-Dir - straight line, f/p - Blork the orc
Aim: Blork the orc, wielding a +0 hand axe and wearing a +1 robe of positive energy (almost dead, 85% to hit)
You miscast Sandblast.
You are very lightly contaminated with residual magic.
Nothing appears to happen.
Blork the orc hits you with a +0 hand axe.
You die...

#..#.###.####...# #.#
.....###.# #...# #.#
.......#.####...# #.#
..##.#......###.###.#
#.##.##......##..##.#
#..#.#...........##.##
##...........##..##..#
###..........##o.###.#####
# ##..#.....###.@.....<..#
# #..#.....####..<......#
# ##........# #.........#
#........# #.........#
#........###.........#
#.#..................#
#.##...#####..########
###...#### #...#
##........# #.#[###


You could see Blork the orc.

Vanquished Creatures
  A black bear (D:4)
  A scorpion (D:4)
  An orc priest (D:3)
  A sleepcap (D:4)
  An iguana (D:4)
  Natasha (D:3)
  3 adders
  2 worms (D:3)
  3 dart slugs
  4 orcs (D:3)
  7 endoplasms
  3 giant cockroaches
  11 goblins
  7 hobgoblins
  4 jackals (D:2)
  6 kobolds
  5 quokkas
  7 ball pythons
  3 bats
  4 frilled lizards
  2 rats
77 creatures vanquished.

Notes
Turn   | Place    | Note
-------+----------+-------------------------------------------
     0 | D:1      | jasper the Spriggan Earth Elementalist began the quest for
                  | the Orb.
     0 | D:1      | Reached XP level 1. HP: 9/9 MP: 5/5
   293 | D:1      | Reached XP level 2. HP: 13/13 MP: 4/6
  1004 | D:2      | Reached XP level 3. HP: 17/17 MP: 6/8
  1007 | D:2      | Learned a level 2 spell: Passwall
  1011 | D:2      | Learned a level 3 spell: Stone Arrow
  1685 | D:2      | Reached skill level 1 in Fighting
  1923 | D:3      | You fall into a shaft and drop 1 floor!
  1960 | D:4      | Noticed a black bear
  1982 | D:4      | Killed a black bear
  1983 | D:4      | Reached XP level 4. HP: 17/22 MP: 2/10
  1983 | D:4      | Reached XP level 5. HP: 19/25 MP: 2/11
  2125 | D:4      | Reached skill level 1 in Conjurations
  2780 | D:3      | Found a shimmering blue altar of Sif Muna.
  2786 | D:3      | Found a burning altar of Makhleb.
  2791 | D:3      | Found a snail-covered altar of Cheibriados.
  3116 | D:3      | Found a blossoming altar of Fedhas.
  3144 | D:3      | Noticed Natasha
  3145 | D:3      | Killed Natasha
  3146 | D:3      | Reached XP level 6. HP: 30/30 MP: 11/13
  3365 | D:3      | Got the Elucidation of Tainted Lava
  3419 | D:3      | Learned a level 3 spell: Mephitic Cloud
  3460 | D:3      | Identified the +2 leather armour "Zaugude" {Harm rElec
                  | rPois}
  3671 | D:4      | Found Wudafruserr's Antique Armour Boutique.
  4267 | D:5      | Entered Level 5 of the Dungeon
  4275 | D:5      | Noticed Blork the orc
  4276 | D:5      | Noticed a water moccasin
  4277 | D:5      | Noticed Menkaure
  4299 | D:4      | Slain by Blork the orc

Illustrated notes

Levels and vault maps discovered:
D:1:      lightli_arrival_statuegarden, layout_loops_ring, nrook_mini_backslash
D:2:      layout_basic, hangedman_decor_lopped
D:3:      layout_loops_corners, marbit_many_paths,
          minmay_overflow_temple_star_quad, uniq_natasha
D:4:      layout_rooms, serial_shops, nicolae_diamond_shop,
          grunt_decor_junction, minmay_cupped
D:5:      layout_basic, nicolae_hepliaklqana_hazy_memory,
          minmay_temple_entry_mini_moons, uniq_blork_the_orc, uniq_menkaure

Skill      XL: |  1  2  3  4  5 |
---------------+----------------+-----
Dodging        | 3 4 |  4.3
Earth Magic    | 3 4 |  4.4
Spellcasting   | 3 4 |  4.2
Fighting       | 1 |  1.8
Conjurations   | 1 |  1.5
Stealth        | |  3.0
Transmutations | |  1.3
Air Magic      | |  0.3
Poison Magic   | |  0.3

Action                     |  1- 3 |  4- 6 || total
---------------------------+-------+-------++-------
  Melee: Short sword       |     1 |     7 ||     8
   Cast: Sandblast         |    65 |    87 ||   152
    Use: Scroll            |     7 |     3 ||    10
 Armour: Robe              |     3 |     2 ||     5
  Dodge: Dodged            |    19 |    40 ||    59

Table legend: (Time is in decaauts)
 A = Elapsed time spent in this place.
 B = Non-inter-level travel time spent in this place.
 C = Inter-level travel time spent in this place.
 D = Time resting spent in this place.
 E = Time spent auto-exploring this place.
 F = Levels seen in this place.
 G = Mean time per level.
                   A        B        C        D        E       F      G
               +--------+--------+--------+--------+--------+-----+--------+
         Total |   3336 |   3286 |     50 |    474 |   2317 |   5 |  667.2 |
       Dungeon |   3336 |   3286 |     50 |    474 |   2317 |   5 |  667.2 |
               +--------+--------+--------+--------+--------+-----+--------+

Top non-repeatable levels by time:
     D:3: 947 daAuts
     D:4: 862 daAuts
     D:1: 760 daAuts
     D:2: 740 daAuts
     D:5: 25 daAuts
